 Dungeon Crawl Stone Soup version 0.28.0-53-g5a82cb258f (webtiles) character file.

Game seed: 13684288974236519456

339 worthlessgem the Conjurer (level 6, 28/28 HPs)
             Began as a Felid Conjurer on Aug 22, 2022.
             Was a Priest of Okawaru.
             Quit the game on level 6 of the Dungeon.
             The game lasted 00:30:34 (7434 turns).

worthlessgem the Conjurer (Felid Conjurer)          Turns: 7434, Time: 00:30:35

Health: 28/28      AC:  2    Str:  5    XL:     6   Next: 29%
Magic:  13/13      EV: 17    Int: 19    God:    Okawaru [***...]
Gold:   183        SH:  0    Dex: 15    Spells: 0/13 levels left
                                        Lives:  0   Deaths: 2

rFire   . . .      SeeInvis +   (weapon unavailable)
rCold   . . .      Faith    .   (shield unavailable)
rNeg    . . .      Spirit   .   (armour unavailable)
rPois   .          Reflect  .   (helmet unavailable)
rElec   .          Harm     .   (cloak unavailable)
rCorr   .          Rampage  .   (gloves unavailable)
Will    .....                   (boots unavailable)
Stlth   ++........              (no amulet)
HPRegen 0.09/turn               (no ring)
MPRegen 0.13/turn               (no ring)

@: quick
A: very small, claws 1, fangs 3, see invisible, speed 1, shaggy fur 2, stealthy
paws, no weapons or thrown items, no armour, multi-lived
a: Renounce Religion, Heroism


You were on level 6 of the Dungeon.
You worshipped Okawaru.
Okawaru was most pleased with you.
You visited 1 branch of the dungeon, and saw 6 of its levels.
You also visited: Ossuary.

You collected 183 gold pieces.

Inventory:

Missiles
 b - 261 stones
Jewellery
 s - a +6 ring of strength
Scrolls
 a - 12 scrolls of identify
 e - 3 scrolls of fog
 r - a scroll of teleportation
Potions
 d - 3 potions of degeneration
 g - a potion of flight
 h - 4 potions of curing
 j - a potion of attraction
 k - 2 potions of heal wounds {unknown}
 l - a potion of resistance {unknown}
 m - 2 potions of berserk rage {unknown}
 n - a potion of brilliance {unknown}
 o - a potion of invisibility {unknown}
 p - a potion of lignification {unknown}


   Skills:
 - Level 3.0 Fighting
 - Level 2.6 Dodging
 - Level 2.6 Stealth
 - Level 4.0 Spellcasting
 - Level 6.0 Conjurations
 + Level 5.2 Hexes
 + Level 5.2 Translocations
 * Level 3.5 Invocations


You couldn't memorise any spells.
You knew the following spells:

 Your Spells              Type           Power      Damage    Failure   Level
a - Magic Dart            Conj           100%       1d8       1%          1
b - Searing Ray           Conj           52%        2d6       1%          2
c - Dazzling Flash        Conj/Hex       50%        N/A       4%          3
d - Fulminant Prism       Conj/Hex       12%        3d9       14%         4
e - Iskenderun's Mystic   Conj/Tloc      25%        2d7       14%         4

Your spell library contained the following spells:

 Spells                   Type           Power      Damage    Failure   Level


Dungeon Overview and Level Annotations

Branches:
Dungeon (6/15)            Ossuary (visited)
 Temple: D:4-7

Altars:
Cheibriados
Okawaru

Shops:
D:5 *


Innate Abilities, Weirdness & Mutations

You have sharp claws.
You have razor-sharp teeth.
You have supernaturally acute eyesight. (SInv)
You cover ground quickly. (Speed+)
You are covered in thick fur. (AC +2)
Your paws help you pounce on unaware monsters.
You are incapable of wielding weapons or throwing items.
You cannot wear armour.
You gain extra lives every three experience levels.


Message History

The black bear is almost dead.
The searing ray hits the centaur zombie.
The centaur zombie is moderately damaged.
You finish channelling your searing ray.
A manticore comes into view.
The black bear goes berserk!
You gain the combat prowess of a mighty hero.
The black bear bites you. The black bear closely misses you. x2
You completely miss the black bear. You bite the black bear.
The black bear is almost dead.
The black bear misses you. The black bear claws you. The black bear claws you!
You scratch the black bear.
You kill the black bear!
Okawaru is honoured by your kill.
Your Translocations skill increases to level 5!
It was a potion of flight.
You feel very buoyant.
You fly up into the air.
The centaur zombie hits you but does no damage.
The centaur zombie misses you. x2; The centaur zombie barely misses you.
You completely miss the centaur zombie.
The centaur zombie is moderately damaged.
The centaur zombie hits you.
The centaur zombie kicks you but does no damage.
It was a potion of haste.
You feel yourself speed up.
It was a potion of attraction.
You feel attractive to monsters.
You scratch the manticore.
The manticore is lightly wounded.
The manticore bites you!!
Ouch! That really hurt!
You die...
The manticore misses you. x2
You are now level 6!
You rejoin the land of the living...
Found 12 gold pieces.
A shadow comes into view.
Found a dagger.
A shadow is nearby!
Are you sure you want to abandon this character and quit the game? (Confirm with "yes".)

# ##### .. H†..# ..
###.# .# # ).#.#
#############W....#
...$.......@....#
...................
#########.###.#####
#.# .# #.# # ###


You could see a shadow.

Vanquished Creatures
  A wraith (Ossuary)
  A water moccasin (D:5)
  An ogre (D:4)
  A black bear (D:6)
  3 phantoms
  A scorpion (D:5)
  A bullfrog (D:3)
  A bullfrog zombie (D:5)
  A hound (D:4)
  A human zombie (Ossuary)
  A centaur skeleton (D:5)
  2 orc priests (D:5)
  3 orc wizards (D:4)
  3 mummies (Ossuary)
  A white imp (D:3)
  2 ufetubi (D:4)
  2 worms
  4 dart slugs
  14 orcs
  7 endoplasms
  3 giant cockroaches
  10 goblins
  4 hobgoblins
  9 kobolds
  2 quokkas
  3 ball pythons
  4 bats
  A frilled lizard (D:3)
  2 goblin zombies (Ossuary)
  A hobgoblin zombie (Ossuary)
  3 kobold zombies (Ossuary)
  A quokka zombie (D:5)
  5 rats
  A rat zombie (D:5)
100 creatures vanquished.

Vanquished Creatures (others)
  6 fulminant prisms (D:5)
6 creatures vanquished.

Grand Total: 106 creatures vanquished

Notes
Turn   | Place    | Note
-------+----------+-------------------------------------------
     0 | D:1      | worthlessgem the Felid Conjurer began the quest for the
                  | Orb.
     0 | D:1      | Reached XP level 1. HP: 7/7 MP: 4/4
   281 | D:1      | Found a faded altar of an unknown god.
   286 | D:1      | Prayed at the altar of an unknown god.
   286 | D:1      | Became a worshipper of Warmaster Okawaru
   286 | D:1      | Reached * piety under Okawaru
   495 | D:1      | Reached XP level 2. HP: 11/11 MP: 0/6
  1054 | D:2      | Reached skill level 4 in Conjurations
  1138 | D:1      | Learned a level 2 spell: Searing Ray
  1529 | D:2      | Reached XP level 3. HP: 14/14 MP: 2/7
  2554 | D:3      | Noticed a bullfrog
  2610 | D:3      | Learned a level 3 spell: Dazzling Flash
  2616 | D:3      | Killed a bullfrog
  2617 | D:3      | Reached XP level 4. HP: 11/18 MP: 3/10
  3219 | D:4      | Noticed an ogre
  3261 | D:4      | Killed an ogre
  3262 | D:4      | Reached skill level 1 in Fighting
  3262 | D:4      | Reached XP level 5. HP: 22/22 MP: 4/12
  3633 | D:4      | Reached skill level 5 in Conjurations
  3705 | D:4      | Noticed a phantom
  3743 | D:4      | Killed a phantom
  3743 | D:4      | Reached ** piety under Okawaru
  3744 | D:4      | Reached skill level 1 in Hexes
  3744 | D:4      | Reached skill level 1 in Translocations
  3744 | D:4      | Gained mutation: You are covered in thick fur. (AC +2)
                  | [Felid growth]
  3744 | D:4      | Reached XP level 6. HP: 16/26 MP: 4/13
  5041 | D:5      | Entered Level 5 of the Dungeon
  5181 | D:5      | Found a sand-covered staircase.
  5188 | Ossuary  | Entered an ossuary
  5188 | Ossuary  | Noticed a wraith
  5188 | Ossuary  | Noticed a wraith
  5188 | Ossuary  | Noticed a wraith
  5196 | Ossuary  | Learned a level 4 spell: Fulminant Prism
  5519 | Ossuary  | Noticed a wraith
  5626 | Ossuary  | Killed a wraith
  5627 | Ossuary  | Reached XP level 7. HP: 30/30 MP: 2/14
  6019 | Ossuary  | Reached skill level 6 in Conjurations
  6218 | D:5      | Found Tocezeylio's Overcharged Wands.
  6400 | D:5      | Learned a level 4 spell: Iskenderun's Mystic Blast
  6544 | D:5      | Reached *** piety under Okawaru
  6545 | D:5      | Reached skill level 1 in Invocations
  6885 | D:5      | Reached XP level 8. HP: 30/34 MP: 10/15
  7070 | D:5      | Reached skill level 5 in Hexes
  7147 | D:5      | Found a snail-covered altar of Cheibriados.
  7253 | D:5      | Shot with an arrow by a centaur
  7254 | D:5      | Reached XP level 7. HP: -2/31 MP: 1/14
  7421 | D:6      | Noticed a manticore
  7425 | D:6      | Reached skill level 5 in Translocations
  7429 | D:6      | Slain by a manticore
  7430 | D:6      | Reached XP level 6. HP: -5/28 MP: 8/13
  7433 | D:6      | Noticed a shadow
  7434 | D:6      | Quit the game

Illustrated notes

Levels and vault maps discovered:
D:1:      dpeg_arrival_solitude, layout_basic,
          hellmonk_ecumenical_altar_heavens_door
D:2:      layout_rooms, kennysheep_generic_room_6
D:3:      layout_loops_ring, minmay_misc_feat_ornament
D:4:      layout_cave_pods, chequers_serial_rivers_large_b,
          kennysheep_cluttered_room
D:5:      layout_cave_pods, kennysheep_slug_shrine, enter_ossuary_4,
          eino_small_chamber_without_monster, nicolae_shop_overcharged_wands
D:6:      layout_basic, uniq_eustachio, uniq_maggie

Skill      XL: |  1  2  3  4  5  6  7  8 |
---------------+-------------------------+-----
Conjurations   | 4 5 6 |  6.0
Spellcasting   | 3 4 |  4.0
Fighting       | 1 2 3 |  3.0
Hexes          | 1 3 4 5 |  5.2
Translocations | 1 3 5 |  5.2
Invocations    | 2 3 |  3.5
Dodging        | |  2.6
Stealth        | |  2.6

Action                   |  1- 3 |  4- 6 |  7- 9 || total
-------------------------+-------+-------+-------++-------
Melee: Unarmed           |    36 |    30 |    24 ||    90
       Bite              |     4 |     4 |     3 ||    11
       Punch             |     1 |     1 |     1 ||     3
 Cast: Magic Dart        |    63 |    33 |     6 ||   102
       Searing Ray       |     6 |    26 |    18 ||    50
       Dazzling Flash    |       |     3 |     6 ||     9
       Fulminant Prism   |       |       |     6 ||     6
Invok: Heroism           |       |     1 |     2 ||     3
  Use: Scroll            |       |     3 |     6 ||     9
       Potion            |       |       |     3 ||     3
 Stab: Sleeping          |     2 |     2 |     1 ||     5
       Invisible         |       |     4 |     1 ||     5
Armor: Skin              |     7 |     8 |     6 ||    21
Dodge: Dodged            |    36 |    46 |    37 ||   119
